 Dungeon Crawl Stone Soup version 0.22-a0-810-g93d1441 (webtiles) character file.

1353 Ekaitz the Sneak (level 8, -2/64 HPs)
             Began as a Naga Fire Elementalist on July 22, 2018.
             Was an Initiate of Hepliaklqana.
             Slain by a killer bee (4 damage)
             ... on level 5 of the Dungeon.
             The game lasted 00:16:42 (4041 turns).

Ekaitz the Sneak (Naga Fire Elementalist)           Turns: 4041, Time: 00:16:42

Health: -2/64      AC:  5    Str: 16 (17) XL:     8   Next: 63%
Magic:  6/14       EV: 10    Int: 15 (17) God:    Hepliaklqana [......]
Gold:   272        SH:  0    Dex: 10 (11) Spells: 1/15 levels left

rFire    . . .     SeeInvis +   r - +1 dagger (venom)
rCold    . . .     Gourm    .   (no shield)
rNeg     + . .     Faith    .   s - +0 leather armour
rPois    +         Spirit   .   j - +0 helmet
rElec    .         Reflect  .   (no cloak)
rCorr    .         Harm     .   (no gloves)
MR       +....                  (no barding)
Stlth    +++.......             (no amulet)
HPRegen  0.20/turn              h - ring of stealth
MPRegen  0.14/turn              v - ring of positive energy

@: mighty, lethally poisoned (-2 -> -4), very slightly contaminated, very slow
A: large, reduced essence, see invisible, deformed body, poison resistance,
slowness 2, slow metabolism 1, spit poison 1, AC +2
a: Spit Poison, Recall Ancestor, Ancestor Identity, Renounce Religion


You were on level 5 of the Dungeon.
You worshipped Hepliaklqana.
Hepliaklqana was noncommittal.
You were hungry.

You visited 2 branches of the dungeon, and saw 6 of its levels.
You also visited: Sewer.

You collected 272 gold pieces.

Inventory:

Hand Weapons
 r - a +1 dagger of venom (weapon)
 t - a +0 morningstar of protection
 A - a cursed +0 war axe
 H - a +2 whip of flaming
 I - a +0 dagger of speed
Missiles
 u - 14 poisoned needles
Armour
 j - a +0 helmet (worn)
 q - a +0 buckler
 s - a +0 leather armour (worn)
 J - a +2 robe of magic resistance
 P - a +2 hat
Jewellery
 h - a ring of stealth (left hand)
 v - a ring of positive energy (right hand)
 G - an uncursed amulet of harm
 O - an uncursed ring of magical power {unknown}
Wands
 C - a wand of digging (23)
 D - a wand of flame (28)
 F - a wand of enslavement (20)
Scrolls
 b - 4 scrolls of identify
 d - 3 scrolls of teleportation
 e - a scroll of immolation {unknown}
 f - 4 scrolls of remove curse
 g - 2 scrolls of enchant armour {unknown}
 m - a scroll of random uselessness {unknown}
 x - 4 scrolls of magic mapping {unknown}
 y - a scroll of fog {unknown}
 z - a scroll of enchant weapon {unknown}
 B - a scroll of fear {unknown}
 K - a scroll of noise {unknown}
Potions
 a - a potion of heal wounds {unknown}
 i - a potion of magic {unknown}
 k - 2 potions of mutation {unknown}
 l - 2 potions of flight {unknown}
 n - a potion of berserk rage {unknown}
 o - 3 potions of might
 p - a potion of agility {unknown}
 w - 3 potions of degeneration
 E - 2 potions of lignification {unknown}
 M - a potion of curing {unknown}
 N - a potion of haste {unknown}
Comestibles
 c - 9 rations


   Skills:
 + Level 4.2 Fighting
 + Level 2.4 Short Blades
 + Level 2.8 Armour
 + Level 2.8 Dodging
 - Level 5.0 Stealth
 + Level 4.0 Spellcasting
 + Level 3.7 Conjurations
 * Level 0.4 Summonings
 * Level 0.3 Translocations
 + Level 5.0 Fire Magic


You had one spell level left.
You knew the following spells:

 Your Spells              Type           Power        Failure   Level  Hunger
a - Flame Tongue          Conj/Fire      ###..        3%          1    None
b - Throw Flame           Conj/Fire      ###...       5%          2    ##.....
c - Conjure Flame         Conj/Fire      ###.....     11%         3    ###....
d - Sticky Flame          Conj/Fire      ###.....     34%         4    ####...
i - Call Imp              Summ           #.......     28%         2    ##.....
t - Blink                 Tloc           N/A          28%         2    ##.....

Your spell library contained the following spells:

 Spells                   Type           Power        Failure   Level  Hunger
 Magic Dart               Conj           ##..         4%          1    None
 Fireball                 Conj/Fire      ###.......   67%         5    ######.
 Slow                     Hex            #.......     32%         2    ##.....
 Mephitic Cloud           Conj/Pois/Air  #.......     36%         3    ###....
 Inner Flame              Hex/Fire       ##......     22%         3    ###....


Dungeon Overview and Level Annotations

Branches:
Dungeon (5/15)             Temple (1/1) D:4

Altars:
Cheibriados
Elyvilon
Fedhas
Hepliaklqana
Kikubaaqudgha
Makhleb
Nemelex Xobeh
Okawaru
Sif Muna
Trog
Uskayaw
Vehumet
Yredelemnul
Zin
The Shining One

Annotations:
D:5 1 runed door


Innate Abilities, Weirdness & Mutations

You cannot wear boots.
Your serpentine skin is tough. (AC +2)
You have supernaturally acute eyesight. (SInv)
Armour fits poorly on your strangely shaped body.
Your system is resistant to poisons. (rPois)
You cover ground very slowly.
You have a slow metabolism.
You can spit poison.
Your life essence is reduced to manifest your ancestor. (-10% HP)


Message History

Casting: Blink (safe; 26% risk of failure)
Confirm with . or Enter, or press ? or * to list all spells.
You blink.
The hound bites Tiberius.
The killer bee stings you!
* * * LOW HITPOINT WARNING * * *
You are lethally poisoned!
The killer bee poisons you!
The hound bites Tiberius but does no damage.
Tiberius hits the hound.
It was a potion of might.
You feel very mighty all of a sudden.
* * * LOW HITPOINT WARNING * * *
You feel sick.
The killer bee stings you but does no damage.
The hound closely misses Tiberius.
The killer bee barely misses you.
Tiberius misses the hound.
It was a potion of degeneration.
There was something very wrong with that liquid.
You feel weakened.
You feel dopey.
You feel clumsy. The killer bee stings you.
You die...

....... ..... ...
#'# +# #
#######h##.####.#
#.....†R.........
#...........(....
#.......y.......§
#....##..@.##..
#....##....# .
#..........#
######...##....#
##...##...##....##..
#......[............
#..<......(.).......
#.......(...........
##.....###....####..


You could see the friendly Tiberius the ancestor, a hound and a killer bee.

Vanquished Creatures
  Pikel (D:4)
  Eustachio (D:4)
  Purgy (Sewer)
  An ice beast (D:4)
  A centaur (D:5)
  A killer bee (D:5)
  A crimson imp (D:5)
  2 bullfrog skeletons (D:4)
  A centaur skeleton (D:5)
  Ijyb (D:4)
  An iguana (D:5)
  An orc wizard (D:3)
  A worker ant (D:4)
  A river rat (D:3)
  8 adders
  An ooze (D:3)
  An adder skeleton (D:4)
  4 worms
  A dart slug (D:3)
  3 leopard geckos
  11 orcs
  10 bats
  2 giant cockroaches
  6 hobgoblins
  8 jackals
  5 kobolds
  2 quokkas
  5 ball pythons
  14 frilled lizards
  3 goblins
  5 rats
104 creatures vanquished.

Vanquished Creatures (collateral kills)
  A killer bee (D:5)
  A crimson imp (D:5)
  An adder (D:5)
3 creatures vanquished.

Vanquished Creatures (others)
  2 ancestors (D:5)
2 creatures vanquished.

Grand Total: 109 creatures vanquished

Notes
Turn   | Place    | Note
-------+----------+-------------------------------------------
     0 | D:1      | Ekaitz the Naga Fire Elementalist began the quest for the Orb.
     0 | D:1      | Reached XP level 1. HP: 15/15 MP: 3/3
   382 | D:1      | Reached XP level 2. HP: 24/24 MP: 1/5
   386 | D:1      | Learned a level 2 spell: Throw Flame
   946 | D:2      | Found a burning altar of Makhleb.
  1019 | D:2      | Reached XP level 3. HP: 30/30 MP: 4/6
  1024 | D:2      | Learned a level 3 spell: Conjure Flame
  1309 | D:2      | Reached skill level 1 in Fighting
  1362 | D:2      | Reached XP level 4. HP: 38/38 MP: 7/7
  1910 | D:3      | Found a glowing drain.
  1927 | Sewer    | Entered a sewer
  2118 | Sewer    | Noticed Purgy
  2125 | Sewer    | Killed Purgy
  2125 | Sewer    | Reached XP level 5. HP: 45/45 MP: 1/9
  2168 | Sewer    | Reached XP level 6. HP: 52/52 MP: 0/10
  2492 | D:3      | Learned a level 4 spell: Sticky Flame
  3027 | D:4      | Found a white marble altar of Elyvilon.
  3028 | D:4      | Noticed Eustachio
  3057 | D:4      | Killed Eustachio
  3057 | D:4      | Reached skill level 1 in Short Blades
  3057 | D:4      | Reached XP level 7. HP: 10/61 MP: 4/11
  3128 | D:4      | Reached skill level 5 in Stealth
  3155 | D:4      | Found a glowing silver altar of Zin.
  3329 | D:4      | Noticed Ijyb
  3341 | D:4      | Killed Ijyb
  3341 | D:4      | Reached skill level 1 in Armour
  3350 | D:4      | Found a staircase to the Ecumenical Temple.
  3359 | Temple   | Entered the Ecumenical Temple
  3427 | Temple   | Became a worshipper of Hepliaklqana the Forgotten
  3521 | D:4      | Noticed Pikel
  3538 | D:4      | Killed Pikel
  3538 | D:4      | Reached XP level 8. HP: 27/64 MP: 9/13
  3753 | D:5      | Entered Level 5 of the Dungeon
  3905 | D:5      | Found a glowing silver altar of Zin.
  3905 | D:5      | Found a runed door.
  3905 | D:5      | Noticed an angel
  3968 | D:5      | Reached skill level 5 in Fire Magic
  4006 | D:5      | Learned a level 2 spell: Blink
  4009 | D:5      | Learned a level 2 spell: Call Imp
  4039 | D:5      | HP: 3/64 [killer bee (7)]
  4041 | D:5      | Slain by a killer bee

Vault maps used:
D:1:      lemuel_arrival_hallway
D:2:      first_ration, bloody_makhleb
D:3:      cheibrodos_sewer_entry_sluice, st_stairs_10
D:4:      lemuel_round_altar, lemuel_crystal_altar,
          minmay_temple_entry_overgrown, uniq_pikel, uniq_ijyb, uniq_eustachio,
          uniq_crazy_yiuf_cottage
D:5:      nicolae_overflow_hidden_temple, grunt_dithmenos_smoke,
          nicolae_qazlal_style_of_elements, lemuel_angel_altar
Temple:   minmay_temple_bridge_abc
Sewer:    sewer_co_purgy_island

Skill      XL: |  1  2  3  4  5  6  7  8 |
---------------+-------------------------+-----
Fighting       | 1 2 3 4 |  4.2
Dodging        | 2 |  2.8
Stealth        | 4 5 |  5.0
Conjurations   | 2 3 |  3.7
Fire Magic     | 4 5 |  5.0
Short Blades   | 1 2 |  2.4
Spellcasting   | 3 4 |  4.0
Armour         | 2 |  2.8
Summonings     | |  0.4
Translocations | |  0.3

Action                   |  1- 3 |  4- 6 |  7- 9 || total
-------------------------+-------+-------+-------++-------
Melee: Dagger            |       |    91 |    60 ||   151
 Cast: Flame Tongue      |    28 |    26 |    19 ||    73
       Throw Flame       |     6 |    15 |     7 ||    28
       Conjure Flame     |       |     1 |     3 ||     4
       Call Imp          |       |       |     2 ||     2
       Blink             |       |       |     1 ||     1
 Abil: Spit Poison       |    27 |     9 |     4 ||    40
  Use: Scroll            |       |       |     3 ||     3
       Potion            |       |       |     2 ||     2
 Stab: Sleeping          |       |    11 |     3 ||    14
       Distracted        |       |       |     1 ||     1
  Eat: Chunk             |     3 |     7 |     3 ||    13
Armor: Robe              |     4 |     9 |       ||    13
       Leather armour    |       |    16 |    12 ||    28
Dodge: Dodged            |     6 |    76 |    37 ||   119

Table legend:
 A = Spawn XP
 B = Non-spawn XP
 C = Spawn XP percentage of total XP
 D = Spawn monster count
 E = Non-spawn monster count
 F = Spawn count percentage of total count
 G = Total turns spent on level
                    A         B        C        D         E        F      G
               +---------+---------+-------+---------+---------+-------+---------
         Total |       0 |    1934 |   0.0 |       0 |     107 |   0.0 |  4041
               +---------+---------+-------+---------+---------+-------+---------
           D:1 |       0 |      28 |   0.0 |       0 |      14 |   0.0 |   946
           D:2 |       0 |      74 |   0.0 |       0 |      23 |   0.0 |   759
           D:3 |       0 |     155 |   0.0 |       0 |      37 |   0.0 |   890
           D:4 |       0 |    1089 |   0.0 |       0 |      14 |   0.0 |   794
           D:5 |       0 |     422 |   0.0 |       0 |      10 |   0.0 |   208
         Sewer |       0 |     166 |   0.0 |       0 |       9 |   0.0 |   354
               +---------+---------+-------+---------+---------+-------+---------
